 Dungeon Crawl Stone Soup version 0.29.1-15-g9cfb28693d (webtiles) character file.

Game seed: 7642869530911078157

1905 H0rd4k the Magician (level 9, 0/56 HPs)
             Began as an Octopode Artificer on Mar 30, 2023.
             Was an Initiate of Gozag.
             Killed from afar by a steam dragon (12 damage)
             ... with a ball of steam
             ... on level 8 of the Dungeon.
             The game lasted 00:12:18 (6336 turns).

H0rd4k the Magician (Octopode Artificer)            Turns: 6336, Time: 00:12:19

Health: 0/56       AC:  1    Str:  9    XL:     9   Next: 16%
Magic:  23/28      EV: 13    Int: 25    God:    Gozag
Gold:   754        SH:  0    Dex: 11    Spells: 8/22 levels left

rFire   . . .      SeeInvis .     - Unarmed
rCold   . . .      Faith    .   (no shield)
rNeg    . . .      Spirit   .   (helmet restricted)
rPois   +          Reflect  .   a - amulet of regeneration
rElec   .          Harm     .   j - ring of magical power
rCorr   .          Rampage  .   p - ring of poison resistance
Will    .....                   (no ring)
Stlth   +++.......              (no ring)
HPRegen 0.98/turn               (no ring)
MPRegen 0.21/turn               (no ring)
                                (no ring)
                                (no ring)

@: no status effects
A: almost no armour, amphibious, 8 rings, camouflage 1, gelatinous body 1,
(nimble swimmer 1), tentacles, clever 2
a: Renounce Religion, Potion Petition, Call Merchant, Bribe Branch


You were on level 8 of the Dungeon.
You worshipped Gozag.
Gozag was pleased with you.
You visited 2 branches of the dungeon, and saw 9 of its levels.

You collected 842 gold pieces.
You paid 88 gold pieces to Gozag.

Inventory:

Missiles
 f - 5 atropa-tipped darts
 l - 4 silver javelins
 n - 6 poisoned darts
 o - a throwing net
 z - 6 curare-tipped darts
Jewellery
 a - an amulet of regeneration (around mantle)
 j - a ring of magical power (left tentacle)
 p - a ring of poison resistance (right tentacle)
Wands
 b - a wand of flame (35)
 c - a wand of charming (2)
 C - a wand of paralysis (6)
 G - a wand of quicksilver (6)
 H - a wand of iceblast (9)
 I - a wand of polymorph (7)
Scrolls
 e - 2 scrolls of vulnerability {unknown}
 i - 3 scrolls of poison {unknown}
 m - 2 scrolls of teleportation {unknown}
 q - a scroll of torment {unknown}
 r - 2 scrolls of fear {unknown}
 s - 2 scrolls of amnesia {unknown}
 t - 2 scrolls of butterflies
 v - a scroll of enchant armour {unknown}
 w - a scroll of identify
 x - a scroll of brand weapon {unknown}
 y - 2 scrolls of magic mapping {unknown}
 D - a scroll of blinking
 E - a scroll of noise {unknown}
 J - a scroll of summoning {unknown}
 K - 2 scrolls of silence {unknown}
Potions
 d - a potion of might {unknown}
 g - 7 potions of curing
 h - 3 potions of degeneration
 k - a potion of lignification
 u - a potion of brilliance
 A - a potion of berserk rage
 B - 3 potions of flight
 L - a potion of haste


   Skills:
 - Level 3.0 Fighting
 - Level 2.3 Dodging
 - Level 1.3 Stealth
 - Level 2.7 Unarmed Combat
 * Level 7.2 Spellcasting
 + Level 0.1 Hexes
 + Level 7.0 Summonings
 - Level 3.2 Evocations


You had 8 spell levels left.
You knew the following spells:

 Your Spells              Type           Power      Damage    Failure   Level
a - Summon Small Mammal   Summ           100%       N/A       1%          1
b - Call Canine Familiar  Summ           44%        N/A       1%          3
c - Summon Hydra          Summ           22%        N/A       97%         7
d - Summon Guardian Gole  Hex/Summ       27%        N/A       4%          3

Your spell library contained the following spells:

 Spells                   Type           Power      Damage    Failure   Level
 Magic Dart               Conj           36%        1d4       7%          1
 Blink                    Tloc           18%        N/A       10%         2
 Searing Ray              Conj           18%        2d5       10%         2
 Sublimation of Blood     Necr           9%         N/A       10%         2
 Wereblood                Tmut           9%         N/A       10%         2
 Fulminant Prism          Conj/Hex       4%         3d6       54%         4
 Manifold Assault         Tloc           9%         N/A       88%         5
 Storm Form               Tmut/Air       4%         N/A       100%        7


Dungeon Overview and Level Annotations

Branches:
Dungeon (8/15)             Temple (1/1) D:4
   Lair: D:8-11

Altars:
Cheibriados
Elyvilon
Fedhas
Gozag
Hepliaklqana
Kikubaaqudgha
Okawaru
Ru
Sif Muna
Trog
Wu Jian
Xom
Zin
The Shining One

Annotations:
D:4 3 runed translucent doors, exclusion: 3 doors, CatalinOSBI's ghost, novice DsNe
D:5 1 transporter, exclusion: downstairs, TungstenYUNOMELT's ghost, amateur DsCj
D:7 exclusions: downstairs, steam dragon and wyvern
D:8 exclusion: 2 vampire mosquitoes, Joseph


Innate Abilities, Weirdness & Mutations

You cannot wear most types of armour.
You are amphibious.
You can wear up to eight rings at the same time.
Your skin changes colour to match your surroundings (Stealth+).
Your rubbery body absorbs attacks. (AC +1, EV +1)
((You are camouflaged when in or above water. (Stealth+)))
You have tentacles for arms and can constrict up to eight enemies at once.
Your mind is very acute. (Int +8, Str/Dex -2)


Message History

Your wolf misses the steam dragon.
Your guardian golem overheats!
Your quokka bites the steam dragon but does no damage.
Casting: Summon Small Mammal (safe; 1% risk of failure)
Confirm with . or Enter, or press ? or * to list all spells.
The steam dragon breathes steam at you. The ball of steam misses you.
You feel yourself speed up. The steam dragon breathes steam at you.
The ball of steam hits you!!
Ouch! That really hurt!
* * * LOW HITPOINT WARNING * * *
The ball of steam hits your hound!
Your hound is engulfed in a cloud of scalding steam.
Your hound dies!
Your hound's corpse disappears in a puff of smoke!
The steam dragon bites you!
* * * LOW HITPOINT WARNING * * *
The steam dragon claws you.
* * * LOW HITPOINT WARNING * * *
You feel much better. The steam dragon bites you. The steam dragon claws you.
You tentacle-slap the steam dragon but do no damage.
You squeeze the steam dragon.
The steam dragon is heavily wounded.
The steam dragon bites you!
* * * LOW HITPOINT WARNING * * *
The steam dragon claws you.
* * * LOW HITPOINT WARNING * * *
Aiming: Paralyse
Press: ? - help, Shift-Dir - straight line, f - steam dragon
Aim: a steam dragon (heavily wounded, catching its breath, chance to affect: 57%)
The steam dragon resists with significant effort.
The steam dragon bites you!
* * * LOW HITPOINT WARNING * * *
The steam dragon completely misses you.
You feel better. The steam dragon breathes steam at you.
The ball of steam hits you!
You die...
Your body crumbles into a pile of gold.

................#.#.#
...##...............########
.### ...........#.#.........
.......##..............
.....)....#............
......##..##....#######
...##...##....#
............#
#######...@##ยง.#
.........D.....#
#####.....####..#
.....[.....># ..#
.........#.## .#
.....[...#D###.!.
..........h9......
####.?......r.....
........r.......#


You could see a steam dragon (catching breath).

Vanquished Creatures
  Prince Ribbit (D:6)
  Eustachio (D:5)
  A black bear (D:5)
  2 phantoms
  A kobold brigand (D:6)
  Blork the orc (D:5)
  A necrophage (D:7)
  A scorpion (D:4)
  2 howler monkeys
  A hound (D:4)
  An iguana (D:4)
  An orc wizard (D:5)
  Robin (D:4)
  A gnoll (D:1)
  5 adders
  A shadow imp (D:7)
  An ufetubus (D:6)
  4 dart slugs
  4 worms
  10 orcs
  5 ball pythons
  5 endoplasms
  2 giant cockroaches
  13 goblins
  5 hobgoblins
  3 jackals (D:1)
  2 quokkas (D:1)
  4 bats
  A frilled lizard (D:2)
  4 kobolds
  5 rats
90 creatures vanquished.

Vanquished Creatures (collateral kills)
  Maggie (D:7)
  A wyvern (D:8)
  A black bear (D:6)
  A jelly (D:8)
  2 orc priests
  A hound (D:5)
  2 adders (D:5)
  8 orcs
  2 goblins (D:4)
  A hobgoblin (D:4)
  7 kobolds (D:8)
27 creatures vanquished.

Vanquished Creatures (others)
  A black bear (D:5)
  A kobold brigand (D:8)
  3 plants (D:5)
5 creatures vanquished.

Grand Total: 122 creatures vanquished

Notes
Turn   | Place    | Note
-------+----------+-------------------------------------------
     0 | D:1      | H0rd4k the Octopode Artificer began the quest for the Orb.
     0 | D:1      | Reached XP level 1. HP: 13/13 MP: 1/1
   234 | D:1      | Reached XP level 2. HP: 8/18 MP: 1/3
   521 | D:1      | Found a faded altar of an unknown god.
   547 | D:1      | Reached skill level 1 in Spellcasting
   716 | D:1      | Reached XP level 3. HP: 24/24 MP: 5/5
  1205 | D:2      | Learned a level 1 spell: Summon Small Mammal
  1507 | D:3      | Learned a level 3 spell: Call Canine Familiar
  1549 | D:3      | Reached skill level 1 in Unarmed Combat
  1683 | D:3      | Found an iron altar of Okawaru.
  1772 | D:3      | Found a glowing silver altar of Zin.
  1772 | D:3      | Noticed an angel
  1777 | D:3      | Found a shimmering altar of Xom.
  1783 | D:3      | Reached XP level 4. HP: 29/29 MP: 6/6
  1808 | D:3      | Reached skill level 1 in Summonings
  2320 | D:4      | Noticed CatalinOSBI's ghost (novice DsNe)
  2356 | D:4      | Found a staircase to the Ecumenical Temple.
  2360 | D:4      | Reached XP level 5. HP: 31/34 MP: 8/8
  2364 | Temple   | Entered the Ecumenical Temple
  2473 | Temple   | Became a worshipper of Gozag Ym Sagoz the Greedy
  2769 | D:4      | Found a snail-covered altar of Cheibriados.
  2874 | D:4      | Noticed Robin
  2926 | D:4      | Killed Robin
  2936 | D:5      | Entered Level 5 of the Dungeon
  3046 | D:5      | Reached XP level 6. HP: 40/41 MP: 10/10
  3071 | D:5      | Noticed Blork the orc
  3073 | D:5      | Killed Blork the orc
  3073 | D:5      | Noticed a black bear
  3074 | D:5      | Noticed a black bear
  3339 | D:4      | Found a runed translucent gate.
  3351 | D:4      | Noticed an ice beast
  3352 | D:4      | Found a runed translucent gate.
  3352 | D:4      | Found a runed translucent gate.
  3640 | D:5      | Noticed TungstenYUNOMELT's ghost (amateur DsCj)
  3641 | D:5      | Found a transporter.
  3642 | D:5      | Identified the +8 dire flail of Gafruh {elec, rC+ Str+3}
  3677 | D:5      | Found a blossoming altar of Fedhas.
  3681 | D:5      | Killed a black bear
  3682 | D:5      | Reached XP level 7. HP: 45/45 MP: 12/12
  3800 | D:5      | Found a shimmering blue altar of Sif Muna.
  3895 | D:5      | Noticed Eustachio
  3946 | D:5      | Killed Eustachio
  4425 | D:5      | Learned a level 7 spell: Summon Hydra
  4440 | D:6      | Noticed Prince Ribbit
  4555 | D:6      | Found a glowing golden altar of the Shining One.
  4599 | D:6      | Reached XP level 8. HP: 45/52 MP: 15/15
  4695 | D:6      | Reached skill level 5 in Spellcasting
  4695 | D:6      | Reached skill level 5 in Summonings
  4738 | D:6      | Killed Prince Ribbit
  5478 | D:7      | Noticed Maggie
  5495 | D:7      | Gained mutation: Your mind is acute. (Int +4, Str/Dex -1)
                  | [potion of mutation]
  5495 | D:7      | Gained mutation: Your mind is very acute. (Int +8, Str/Dex
                  | -2) [potion of mutation]
  5504 | D:7      | Killed Maggie
  5545 | D:7      | Reached XP level 9. HP: 45/56 MP: 19/19
  5739 | D:7      | Found a white marble altar of Elyvilon.
  5805 | D:7      | Learned a level 3 spell: Summon Guardian Golem
  6053 | D:8      | Noticed Joseph
  6335 | D:8      | HP: 1/56 [steam dragon (7)]
  6336 | D:8      | Killed from afar by a steam dragon

Illustrated notes

Levels and vault maps discovered:
D:1:      doesnt_arrival_eight_statues, layout_loops_ring,
          hellmonk_ecumenical_altar_zigzags, ebering_dispersal_statue_hall
D:2:      layout_rooms, dk_noncrumbling_3
D:3:      layout_basic, grunt_temple_overflow_order_and_chaos_1,
          lemuel_round_altar
D:4:      layout_loops_ring, cheibrodos_worm_habitat, minmay_temple_entry_hall,
          gammafunk_ghost_icy, minmay_increasing_density, uniq_robin
D:5:      layout_loops_ring, nicolae_sif_muna_condensation,
          fedhas_ov_isle_minmay, gammafunk_ghost_smash,
          kennysheep_generic_room_7, uniq_blork_the_orc, uniq_eustachio
D:6:      layout_loops_cross, nicolae_tso_carved_into_rock,
          grunt_decor_resistance, uniq_prince_ribbit1
D:7:      layout_rooms, nicolae_elyvilon_peaceful_grove, uniq_maggie
D:8:      layout_cave_pools, serial_co_window_serial, co_window_paths_b,
          co_window_corner_a, co_window_of_opportunity_a,
          co_window_of_opportunity_a, co_window_paths_a,
          co_window_of_opportunity_a, co_window_broadway_b,
          co_window_unsneaky_path_d, co_window_corner_b, glass_columns_b,
          glass_columns_b, glass_columns_a, glass_columns_a, uniq_joseph,
          uniq_maurice
Temple:   nicolae_temple_bog_church

Skill      XL: |  1  2  3  4  5  6  7  8  9 |
---------------+----------------------------+-----
Spellcasting   | 1 2 3 4 6 7 |  7.2
Fighting       | 2 3 |  3.0
Unarmed Combat | 1 2 |  2.7
Summonings     | 1 2 3 4 6 7 |  7.0
Dodging        | |  2.3
Stealth        | |  1.3
Hexes          | |  0.1
Evocations     | |  3.2

Action                   |  1- 3 |  4- 6 |  7- 9 || total
-------------------------+-------+-------+-------++-------
Melee: Unarmed           |    88 |    81 |   130 ||   299
       Constrict         |    23 |    24 |    27 ||    74
       Tentacles         |    18 |    19 |    33 ||    70
       Punch             |     1 |     6 |     7 ||    14
 Cast: Summon Small Mamm |       |    28 |    34 ||    62
       Call Canine Famil |       |       |    15 ||    15
       Summon Guardian G |       |       |     4 ||     4
Evoke: Wand              |     2 |    10 |    14 ||    26
  Use: Scroll            |       |     3 |     2 ||     5
       Potion            |       |       |    11 ||    11
 Stab: Sleeping          |     6 |     4 |     1 ||    11
       Distracted        |     1 |       |     2 ||     3
Armor: Skin              |     8 |     7 |     2 ||    17
Dodge: Dodged            |    56 |    40 |    67 ||   163
